 Dungeon Crawl Stone Soup version 0.29.1-12-g30fa7ad0bf (webtiles) character file.

Game seed: 7158705356576039342

6181 dargoktor the Grappler (level 10, -2/82 HPs)
             Began as a Ghoul Monk on Jan 2, 2023.
             Was a High Priest of Makhleb.
             Splashed by a jelly's acid (6 damage)
             ... on level 9 of the Dungeon.
             The game lasted 00:40:59 (8932 turns).

dargoktor the Grappler (Ghoul Monk)                 Turns: 8932, Time: 00:41:00

Health: -2/82      AC: 18    Str: 26    XL:     10   Next: 91%
Magic:  0/9        EV:  8    Int:  5    God:    Makhleb [*****.]
Gold:   679        SH:  0    Dex: 11    Spells: 9/9 levels left

rFire   . . .      SeeInvis .     - Unarmed
rCold   + . .      Faith    .   (no shield)
rNeg    + + +      Spirit   +   e - +0 plate armour
rPois   ∞          Reflect  .   w - +0 helmet
rElec   .          Harm     .   A - +2 cloak
rCorr   .          Rampage  .   c - +1 pair of gloves
Will    .....                   b - +0 pair of boots
Stlth   ..........              p - amulet of guardian spirit
HPRegen 0.00/turn               j - +6 ring of strength
MPRegen 0.11/turn               i - ring of poison resistance

@: corroded, inhibited regen
A: claws 1, cold resistance 1, negative energy resistance 3, inhibited
regeneration, torment resistance 2, devour on kill
a: Renounce Religion, Minor Destruction, Lesser Servant of Makhleb, Major
Destruction, Greater Servant of Makhleb


You were on level 9 of the Dungeon.
You worshipped Makhleb.
Makhleb was extremely pleased with you.
You visited 2 branches of the dungeon, and saw 10 of its levels.

You collected 679 gold pieces.

Inventory:

Hand Weapons
 B - a +4 quarterstaff of chaos
Armour
 b - a +0 pair of boots (worn)
 c - a +1 pair of gloves (worn)
 e - a +0 plate armour (worn)
 w - a +0 helmet (worn)
 A - a +2 cloak (worn)
 F - +2 swamp dragon scales
Jewellery
 i - a ring of poison resistance (right hand)
 j - a +6 ring of strength (left hand)
 p - an amulet of guardian spirit (around neck)
 y - a ring of ice
 H - a ring of see invisible
Wands
 h - a wand of flame (50)
 l - a wand of mindburst (15)
 u - a wand of polymorph (7)
 C - a wand of paralysis (9)
 E - a wand of roots (13)
Scrolls
 a - a scroll of torment {unknown}
 d - 11 scrolls of identify {unknown}
 f - 5 scrolls of teleportation {unknown}
 g - 4 scrolls of enchant weapon {unknown}
 k - a scroll of enchant armour {unknown}
 m - 2 scrolls of poison {unknown}
 s - 5 scrolls of fear {unknown}
 v - 2 scrolls of amnesia {unknown}
 D - a scroll of butterflies {unknown}
Potions
 n - 2 potions of mutation {unknown}
 q - a potion of cancellation {unknown}
 r - a potion of magic {unknown}
 t - a potion of flight {unknown}
 x - 4 potions of degeneration {unknown}
 z - a potion of lignification {unknown}
 G - a potion of berserk rage


   Skills:
 + Level 5.6 Fighting
 + Level 8.9 Armour
 + Level 3.6 Dodging
 + Level 4.2 Stealth
 + Level 12.7 Unarmed Combat
 + Level 1.3 Evocations


You had 9 spell levels left.
You didn't know any spells.
Your spell library contained the following spells:

 Spells                   Type           Power      Damage    Failure   Level
 Necrotise                Necr           0%         1d4       99%         1
 Call Canine Familiar     Summ           0%         N/A       100%        3
 Portal Projectile        Hex/Tloc       0%         N/A       100%        3
 Vampiric Draining        Necr           0%         2d6       100%        3
 Leda's Liquefaction      Hex/Erth       0%         N/A       100%        4
 Agony                    Necr           0%         N/A       100%        5


Dungeon Overview and Level Annotations

Branches:
Dungeon (9/15)             Temple (1/1) D:4
   Lair: D:8-11         Orc: D:9-12

Altars:
Cheibriados
Dithmenos
Fedhas
Gozag
Hepliaklqana
Kikubaaqudgha
Makhleb
Nemelex Xobeh
Okawaru
Qazlal
Ru
Sif Muna
Trog
Uskayaw
Vehumet
Wu Jian
Xom
Yredelemnul
Jiyva

Shops:
D:1 ?   D:3 !   D:6 =   D:8 *


Innate Abilities, Weirdness & Mutations

You are immune to poison.
You have sharp fingernails.
Your flesh is cold resistant. (rC+)
You are immune to negative energy. (rN+++)
You do not regenerate when monsters are visible.
You are immune to unholy pain and torment.
You thrive by killing the living.


Message History

The jelly attacks as you move away! The jelly hits you but does no damage.
You pummel the jelly!!
You kill the jelly!
Makhleb accepts your kill.
You feel better. The slime creature barely misses you.
The jelly barely misses you.
The slime creature completely misses you.
The jelly hits you.
* * * LOW HITPOINT WARNING * * *
You are splashed with acid!
* * * LOW HITPOINT WARNING * * *
The jelly barely misses you.
You hit the slime creature.
The slime creature is lightly wounded.
You pummel the slime creature!!
The slime creature is heavily wounded.
The jelly hits you but does no damage. x2
The slime creature barely misses you.
You barely miss the slime creature.
The slime creature is heavily wounded.
The jelly hits you but does no damage.
The slime creature hits you but does no damage.
The jelly barely misses you.
You hit the slime creature.
The slime creature is heavily wounded.
You punch the slime creature!
The slime creature is severely wounded.
The jelly hits you.
* * * LOW HITPOINT WARNING * * *
The acid corrodes you!
You are splashed with acid!
* * * LOW HITPOINT WARNING * * *
The jelly hits you but does no damage.
The slime creature hits you but does no damage.
You punch the slime creature!
You punch the slime creature, but do no damage.
The slime creature is almost dead.
The jelly hits you but does no damage. The jelly hits you.
* * * LOW HITPOINT WARNING * * *
You are splashed with acid!
You die...

))..........#.#.####
##).........#......#
#..#.......#..>...#
##..........#......#
#<..#.#####........#
....#.#..#####.....#
.#..#.#.##...##....#
.#.....##.....#J...#
.#.#..##).....'J@..#
......# _(....'J...#
......# $.....'..###
......###.....#..#
........##...#####
.........######
...........##.#
............#.####
.................###


You could see a slime creature and 2 jellies.

Vanquished Creatures
  A two-headed ogre (D:9)
  The ghost of Zdar78 the Severer, a novice MiBe of Trog (D:9)
  Pikel (D:7)
  Maggie (D:8)
  A hornet (D:8)
  Prince Ribbit (D:5)
  A wraith (D:9)
  Grum (D:8)
  A water moccasin (D:8)
  Duvessa (D:7)
  4 sky beasts
  6 orc warriors
  An ogre (D:6)
  4 wolves (D:8)
  The ghost of MisterFreud the Changer, an amateur DrTm (D:3)
  A centaur (D:8)
  2 lemures (D:7)
  A kobold brigand (D:7)
  Blork the orc (D:6)
  2 bullfrogs
  A scorpion (D:4)
  8 wights
  Dowan (D:7)
  3 killer bees (D:9)
  2 howler monkeys (D:9)
  7 orc priests
  2 hounds (D:5)
  Crazy Yiuf (D:7)
  A gnoll bouda (D:6)
  2 jellies
  An iguana (D:5)
  13 orc wizards
  4 gnolls (D:6)
  8 adders
  A white imp (D:8)
  2 worms (D:4)
  2 dart slugs
  35 orcs
  6 ball pythons
  4 endoplasms
  2 giant cockroaches (D:2)
  6 goblins
  6 hobgoblins
  6 jackals
  5 quokkas
  4 bats
  4 frilled lizards
  11 kobolds
  A rat (D:1)
182 creatures vanquished.

Vanquished Creatures (others)
  5 fungi (D:8)
  6 toadstools (D:8)
11 creatures vanquished.

Grand Total: 193 creatures vanquished

Notes
Turn   | Place    | Note
-------+----------+-------------------------------------------
     0 | D:1      | dargoktor the Ghoul Monk began the quest for the Orb.
     0 | D:1      | Reached XP level 1. HP: 19/19 MP: 0/0
   127 | D:1      | Found Recwiaca's Magic Scroll Shoppe.
   295 | D:1      | Found a faded altar of an unknown god.
   309 | D:1      | Prayed at the altar of an unknown god.
   309 | D:1      | Became a worshipper of Makhleb the Destroyer
   309 | D:1      | Reached * piety under Makhleb
   309 | D:1      | Reached ** piety under Makhleb
   330 | D:1      | Reached XP level 2. HP: 26/26 MP: 1/1
   710 | D:2      | Reached XP level 3. HP: 30/33 MP: 2/2
   812 | D:2      | Reached *** piety under Makhleb
  1003 | D:2      | Reached XP level 4. HP: 40/40 MP: 3/3
  1078 | D:2      | Reached skill level 1 in Armour
  1088 | D:2      | Reached skill level 4 in Unarmed Combat
  1434 | D:3      | Found a runed translucent door.
  1435 | D:3      | Noticed MisterFreud's ghost (amateur DrTm)
  1581 | D:3      | Killed MisterFreud's ghost
  1582 | D:3      | Reached XP level 5. HP: 28/46 MP: 4/4
  1745 | D:3      | Found Wynicats's Distillery.
  2521 | D:4      | Found a staircase to the Ecumenical Temple.
  2535 | Temple   | Entered the Ecumenical Temple
  3013 | D:4      | Reached skill level 5 in Unarmed Combat
  3013 | D:4      | Reached XP level 6. HP: 52/52 MP: 2/5
  3514 | D:4      | Found a hide-covered altar of Uskayaw.
  3576 | D:5      | Entered Level 5 of the Dungeon
  3688 | D:5      | Noticed Prince Ribbit
  3708 | D:5      | Killed Prince Ribbit
  3709 | D:5      | Reached skill level 6 in Unarmed Combat
  3709 | D:5      | Reached XP level 7. HP: 20/59 MP: 2/6
  4176 | D:5      | Found a sand-covered staircase.
  4575 | D:5      | Identified the +9 war axe of Viuniov {drain, Str+3}
  4708 | D:6      | Reached skill level 7 in Unarmed Combat
  4854 | D:6      | Reached **** piety under Makhleb
  4878 | D:6      | Noticed Blork the orc
  4888 | D:6      | Killed Blork the orc
  4889 | D:6      | Reached XP level 8. HP: 67/67 MP: 5/7
  4896 | D:6      | Found Miotram's Jewellery Shop.
  5084 | D:6      | Reached skill level 5 in Armour
  5753 | D:7      | Found a runed translucent door.
  5754 | D:7      | Noticed Crazy Yiuf
  5784 | D:7      | Killed Crazy Yiuf
  5847 | D:7      | Noticed Pikel
  5866 | D:7      | Killed Pikel
  5867 | D:7      | Reached skill level 8 in Unarmed Combat
  5923 | D:7      | Reached skill level 9 in Unarmed Combat
  5934 | D:7      | Reached XP level 9. HP: 31/72 MP: 3/8
  6305 | D:7      | Noticed Dowan
  6306 | D:7      | Noticed Duvessa
  6327 | D:7      | Killed Duvessa
  6334 | D:7      | Killed Dowan
  7087 | D:8      | Noticed Grum
  7117 | D:8      | Reached skill level 10 in Unarmed Combat
  7177 | D:8      | Killed Grum
  7178 | D:8      | Reached skill level 5 in Fighting
  7348 | D:8      | Noticed Maggie
  7358 | D:8      | Killed Maggie
  7359 | D:8      | Reached XP level 10. HP: 45/81 MP: 7/9
  7573 | D:8      | Found Apiz Zuh's Elemental Accessories.
  7666 | D:8      | Reached skill level 11 in Unarmed Combat
  7670 | D:8      | Reached skill level 1 in Evocations
  8139 | D:9      | Noticed a two-headed ogre
  8152 | D:9      | Killed a two-headed ogre
  8209 | D:9      | Reached skill level 12 in Unarmed Combat
  8234 | D:9      | Found an ornate altar of the Wu Jian Council.
  8377 | D:9      | Reached ***** piety under Makhleb
  8675 | D:9      | Found a hazy altar of Hepliaklqana.
  8677 | D:9      | Found a stormy altar of Qazlal.
  8677 | D:9      | Found a shimmering altar of Xom.
  8677 | D:9      | Found a sacrificial altar of Ru.
  8678 | D:9      | Found a sparkling altar of Nemelex Xobeh.
  8678 | D:9      | Found a bloodstained altar of Trog.
  8681 | D:9      | Found an opulent altar of Gozag.
  8681 | D:9      | Found a shimmering blue altar of Sif Muna.
  8894 | D:9      | Found a runed translucent gate.
  8895 | D:9      | Found a runed translucent gate.
  8896 | D:9      | Found a runed translucent gate.
  8898 | D:9      | Noticed Zdar78's ghost (novice MiBe)
  8901 | D:9      | Found a viscous altar of Jiyva.
  8921 | D:9      | Killed Zdar78's ghost
  8932 | D:9      | HP: 4/82 [jelly (1)]
  8932 | D:9      | Splashed by a jelly's acid

Illustrated notes

Levels and vault maps discovered:
D:1:      dpeg_arrival_court, layout_basic, ebering_ecumenical_altar_rust,
          serial_shops, shop
D:2:      layout_rooms
D:3:      minmay_door_path, layout_loops_ring, ebering_ghost_reflecting_pool,
          serial_shops, nicolae_shop_statue_plus
D:4:      layout_basic, nicolae_uskayaw_murder_on_the_dancefloor,
          minmay_temple_entry_junction_2
D:5:      layout_gridville, elyvilon_altar_5,
          lightli_ossuary_entry_decrepit_ruins, uniq_prince_ribbit1
D:6:      layout_loops_cross, serial_shops, nicolae_shop_statue_plus,
          uniq_blork_the_orc
D:7:      layout_loops_corners, hangedman_abyss_or_decor_stabs, uniq_pikel,
          uniq_crazy_yiuf_cottage, uniq_duvessa
D:8:      layout_gridville, minmay_gold_behind_fungi, grunt_ministairs_7,
          nicolae_elemental_shop, uniq_grum, uniq_maggie
D:9:      layout_rooms, nicolae_overflows_in_rows, nzn_wu_jian_council_hall,
          gammafunk_ghost_ooze, kennysheep_diamond
Temple:   hellmonk_temple_forest_ring

Skill      XL: |  1  2  3  4  5  6  7  8  9 10 |
---------------+-------------------------------+-----
Dodging        | 3 |  3.6
Armour         | 2 4 6 7 8 |  8.9
Unarmed Combat | 4 5 6 7 9 10 12 | 12.7
Fighting       | 4 5 |  5.6
Stealth        | 3 4 |  4.2
Evocations     | 1 |  1.3

Action                   |  1- 3 |  4- 6 |  7- 9 | 10-12 || total
-------------------------+-------+-------+-------+-------++-------
Melee: Unarmed           |    84 |   215 |   380 |   172 ||   851
       Punch             |     4 |     5 |    17 |     8 ||    34
Evoke: Wand              |       |       |    11 |     3 ||    14
  Use: Potion            |       |       |     9 |     5 ||    14
 Stab: Paralysed         |       |       |     9 |       ||     9
Armor: Plate armour      |    71 |   132 |   281 |   176 ||   660
       Ring mail         |     1 |       |       |       ||     1
Dodge: Dodged            |    28 |    69 |   149 |    87 ||   333
